[Event "Titled Tuesday Blitz April 19 Late 2022"]
[White "Fernandez Siles, Luis"]
[Black "Ibarra Jerez, Jose Carlos"]
[WhiteFideId "2209420"]
[BlackFideId "2226332"]
[WhiteElo "2212"]
[BlackElo "2626"]
[Result "0-1"]
[Round "04"]
[TimeControl "180+1"]
[Date "2022.04.19"]
[WhiteClock "0:01:00"]
[BlackClock "0:01:28"]

1. e4 c5 2. Nf3 Nc6 3. c3 Nf6 4. e5 Nd5 5. d4 cxd4 6. cxd4 d6 7. Bc4 dxe5 8. Bxd5 Qxd5 9. Nc3 Qd6 10. d5 Nd4 11. Nxd4 exd4 12. Qxd4 e5 13. Qe4 f5 14. Qe2 Be7 15. Nb5 Qb8 16. Bf4 Bf6 17. Qh5+ g6 18. Qh6 Bd7 19. Bg5 Bxg5 20. Qg7 Rf8 21. Rc1 Bxc1 0-1


[Site "https://www.chess.com"]

[Event "Titled Tuesday Blitz April 19 Late 2022"]
[White "Ferreira, Vitor Hugo Vieira"]
[Black "Winkels, Marcel"]
[WhiteFideId "2119765"]
[BlackFideId "1003887"]
[WhiteElo "2165"]
[BlackElo "1900"]
[Result "1-0"]
[Round "04"]
[TimeControl "180+1"]
[Date "2022.04.19"]
[WhiteClock "0:01:54"]
[BlackClock "0:00:50"]

1. d4 Nf6 2. c4 c5 3. d5 b5 4. cxb5 a6 5. bxa6 g6 6. Nc3 Bg7 7. e4 O-O 8. Nf3 Nxa6 9. e5 Ne8 10. Bc4 d6 11. Bf4 Nb4 12. a3 Ba6 13. Bxa6 Nxa6 14. O-O Nec7 15. Qd2 Rb8 16. Rab1 Nb5 17. Nxb5 Rxb5 18. Bh6 Qb6 19. Bxg7 Kxg7 20. e6 f6 21. h4 Rb8 22. h5 Rxb2 23. Rxb2 Qxb2 24. Qa5 Qb6 25. Qd2 c4 26. Qf4 Qc5 27. Rc1 c3 28. Qa4 Qb5 29. Qxb5 Rxb5 30. Rxc3 Rxd5 31. Rc6 Ra5 32. Rb6 gxh5 33. Rb7 Rxa3 34. Rxe7+ Kf8 35. Rxh7 Nc5 36. e7+ Ke8 37. Nd4 Ra1+ 38. Kh2 Ra7 39. Nf5 Ne6 40. Nxd6+ Kd7 41. e8=Q+ Kxd6 42. Rxa7 1-0


[Site "https://www.chess.com"]

[Event "Titled Tuesday Blitz April 19 Late 2022"]
[White "Fiedorek, Michal"]
[Black "Adury, Anant"]
[WhiteFideId "1199528"]
[BlackFideId "30964687"]
[WhiteElo "1833"]
[BlackElo "2125"]
[Result "1-0"]
[Round "04"]
[TimeControl "180+1"]
[Date "2022.04.19"]
[WhiteClock "0:00:16"]
[BlackClock "0:00:46"]

1. Nf3 g6 2. g3 Bg7 3. Bg2 e5 4. O-O e4 5. Ne1 d5 6. d3 exd3 7. exd3 Nf6 8. Nc3 O-O 9. Bg5 c6 10. Qd2 Nbd7 11. Nf3 Re8 12. Rfe1 Rxe1+ 13. Rxe1 Qf8 14. d4 Nb6 15. b3 Bf5 16. a4 Ne4 17. Nxe4 Bxe4 18. a5 Nd7 19. Ne5 Bxg2 20. Kxg2 Nxe5 21. dxe5 f6 22. exf6 Bxf6 23. Re6 Bxg5 24. Qxg5 Re8 25. Qe5 Rxe6 26. Qxe6+ Qf7 27. Qe5 a6 28. h4 Qf8 29. Qc7 Qf7 30. Qb8+ Kg7 31. f4 h5 32. Qe5+ Kh7 33. Kf3 Qf5 34. Qxf5 gxf5 35. Ke3 c5 36. b4 cxb4 37. Kd4 Kg6 38. Kxd5 Kf6 39. Kd6 Kf7 40. Ke5 Ke7 41. Kxf5 Kd6 42. Ke4 b6 43. axb6 1-0


[Site "https://www.chess.com"]

[Event "Titled Tuesday Blitz April 19 Late 2022"]
[White "Foisor, Sabina-Francesca"]
[Black "Ibadov, Dashgyn"]
[WhiteFideId "1212915"]
[BlackFideId "24107514"]
[WhiteElo "2243"]
[BlackElo "2138"]
[Result "0-1"]
[Round "04"]
[TimeControl "180+1"]
[Date "2022.04.19"]
[WhiteClock "0:00:01"]
[BlackClock "0:00:18"]

1. d4 d5 2. c4 Nc6 3. cxd5 Qxd5 4. e3 e5 5. Nc3 Bb4 6. Bd2 Bxc3 7. bxc3 Qd6 8. Nf3 Nf6 9. Be2 O-O 10. O-O b6 11. Bc1 Re8 12. a4 Bb7 13. Ba3 Qe6 14. Qc2 h6 15. Rfd1 Rad8 16. Qa2 Qf5 17. d5 Na5 18. c4 c6 19. d6 c5 20. Qb1 Be4 21. Bd3 Rxd6 22. Bxe4 Rxd1+ 23. Qxd1 Nxe4 24. Rc1 Nf6 25. h3 e4 26. Ne1 Qe6 27. Qe2 Rd8 28. Bb2 Nd7 29. f4 exf3 30. Nxf3 Nf6 31. Rc2 Re8 32. Bc1 Ne4 33. Ne1 Nd6 34. Nd3 Naxc4 35. Nf4 Qe4 36. Qd3 Qxd3 37. Nxd3 Nxe3 38. Re2 Nec4 39. Rxe8+ Nxe8 40. Kf2 Ned6 0-1


[Site "https://www.chess.com"]

[Event "Titled Tuesday Blitz April 19 Late 2022"]
[White "Fonseca Manrique, Enrique"]
[Black "Tristan, Leonardo"]
[WhiteFideId "5114330"]
[BlackFideId "113816"]
[WhiteElo "2564"]
[BlackElo "2404"]
[Result "1/2-1/2"]
[Round "04"]
[TimeControl "180+1"]
[Date "2022.04.19"]
[WhiteClock "0:00:08"]
[BlackClock "0:00:17"]

1. e4 d5 2. exd5 Qxd5 3. Nc3 Qa5 4. d4 Nf6 5. Bd2 Bg4 6. f3 Bd7 7. Bd3 e6 8. Nge2 Be7 9. O-O O-O 10. Qe1 c5 11. Ne4 Qb6 12. dxc5 Bxc5+ 13. Nxc5 Qxc5+ 14. Kh1 Bb5 15. Bb4 Qb6 16. Bxb5 Qxb5 17. Bxf8 Kxf8 18. a4 Qe5 19. Qb4+ Ke8 20. Qxb7 Qd5 21. Qc8+ Ke7 22. Rfd1 Nbd7 23. Qc3 Qb7 24. Nd4 Kf8 25. Nb5 Kg8 26. Rd2 h5 27. Rad1 a6 28. Nd6 Qa7 29. Ne4 Nd5 30. Qc6 Ne5 31. Qc5 Qxc5 32. Nxc5 Nc4 33. Rd4 Nce3 34. Rc1 a5 35. Nb3 Nf5 36. Rd3 h4 37. Kg1 Nf4 38. Rd7 Ne2+ 39. Kf2 Nxc1 40. Nxc1 Rb8 41. Nd3 Rc8 42. c3 Rc4 43. Ra7 Rxa4 44. g4 hxg3+ 45. hxg3 Ra2 46. g4 Nd6 47. Ke3 Nc4+ 48. Kf4 f6 49. g5 fxg5+ 50. Kxg5 Kh7 51. Nf4 Rxb2 52. Nxe6 Rb5+ 53. Kf4 Nb6 54. Rxg7+ Kh6 55. Ra7 Nd5+ 56. Ke5 Nxc3+ 57. Kf6 Nd5+ 58. Kf7 Kh5 59. Nd4 Rb4 60. Rxa5 Rxd4 61. Ke6 Rf4 62. Rxd5+ Kh4 63. Rf5 Kg3 64. Rxf4 Kxf4 65. Kd5 Kxf3 1/2-1/2


[Site "https://www.chess.com"]

[Event "Titled Tuesday Blitz April 19 Late 2022"]
[White "Gatterer, Florian"]
[Black "Nozdrachev, Leonid"]
[WhiteFideId "811688"]
[BlackFideId "24113433"]
[WhiteElo "2218"]
[BlackElo "2242"]
[Result "0-1"]
[Round "04"]
[TimeControl "180+1"]
[Date "2022.04.19"]
[WhiteClock "0:00:03"]
[BlackClock "0:00:20"]

1. f4 e5 2. fxe5 d6 3. exd6 Bxd6 4. Nf3 g5 5. g3 Ne7 6. d4 g4 7. Nh4 Ng6 8. Nxg6 hxg6 9. Qd3 Nc6 10. c3 Bf5 11. e4 Qe7 12. Bg2 O-O-O 13. Be3 Rxh2 14. Rxh2 Bxg3+ 15. Kd1 Ne5 16. Qe2 Bxh2 17. exf5 gxf5 18. Kc2 Ng6 19. Qb5 c6 20. Bxc6 bxc6 21. Qxc6+ Kb8 22. Bd2 Qb7 23. Qf6 Qe4+ 24. Kc1 Kc8 25. Qxf7 Nf4 26. Qc4+ Kb7 27. Qb5+ Ka8 28. Na3 Nd3+ 29. Kd1 g3 30. Nc4 g2 31. Nb6+ axb6 32. Qa6+ Kb8 33. Qxb6+ Kc8 34. Qa6+ Kc7 35. Qa5+ Kd7 36. Qb5+ Ke6 37. Qa6+ Rd6 38. Qc4+ Kd7 39. Qb5+ Ke7 40. Bg5+ Kf7 41. Qc4+ Kg6 42. Qg8+ Kh5 43. Bd2 g1=Q+ 44. Kc2 Qxg8 45. Rh1 Qxh1 0-1


[Site "https://www.chess.com"]

[Event "Titled Tuesday Blitz April 19 Late 2022"]
[White "Gledura, Benjamin"]
[Black "Schekachikhin, Maksim"]
[WhiteFideId "712779"]
[BlackFideId "24177830"]
[WhiteElo "2326"]
[BlackElo "2230"]
[Result "1-0"]
[Round "04"]
[TimeControl "180+1"]
[Date "2022.04.19"]
[WhiteClock "0:00:54"]
[BlackClock "0:00:14"]

1. f4 d5 2. Nf3 Bg4 3. d4 Nd7 4. c3 e6 5. e3 Ngf6 6. Nbd2 Bd6 7. Be2 O-O 8. h3 Bf5 9. g4 Bg6 10. O-O Ne4 11. Nxe4 Bxe4 12. Nd2 Bg6 13. Rf2 Nf6 14. f5 exf5 15. gxf5 Qd7 16. fxg6 Qxh3 17. gxh7+ Kh8 18. Nf1 Ne4 19. Rg2 Rae8 20. Bd2 f5 21. Be1 f4 22. Bg4 Qh6 23. exf4 Bxf4 24. Qd3 Ng5 25. Bd2 Re4 26. Re1 Qh4 27. Rxe4 dxe4 28. Qe2 Nf3+ 29. Bxf3 exf3 30. Qxf3 Bh2+ 31. Rxh2 1-0


[Site "https://www.chess.com"]

[Event "Titled Tuesday Blitz April 19 Late 2022"]
[White "Grigorov, Grigor"]
[Black "Sarana, Alexey"]
[WhiteFideId "2907313"]
[BlackFideId "24133795"]
[WhiteElo "2510"]
[BlackElo "2666"]
[Result "0-1"]
[Round "04"]
[TimeControl "180+1"]
[Date "2022.04.19"]
[WhiteClock "0:00:50"]
[BlackClock "0:01:09"]

1. d4 Nf6 2. Nf3 d5 3. c4 e6 4. g3 Bb4+ 5. Bd2 Be7 6. Bg2 c6 7. O-O Nbd7 8. Qc2 b6 9. b3 O-O 10. Rd1 Ba6 11. Bc1 Rc8 12. Bb2 c5 13. Nc3 dxc4 14. d5 exd5 15. Nxd5 Nxd5 16. Rxd5 Qe8 17. Ng5 Bxg5 18. Rxg5 f6 19. Bd5+ Kh8 20. Rg4 cxb3 21. axb3 Qxe2 22. Qxe2 Bxe2 23. Re4 Bf3 24. Re7 Bxd5 25. Rxd7 Rfd8 26. Raxa7 Rxd7 27. Rxd7 Bxb3 28. Rb7 Rc6 29. f4 h5 30. Kf2 Bd5 31. Rb8+ Kh7 32. h3 Be6 0-1


[Site "https://www.chess.com"]

[Event "Titled Tuesday Blitz April 19 Late 2022"]
[White "Hamitevici, Vladimir"]
[Black "Dobrov, Vladimir"]
[WhiteFideId "13902393"]
[BlackFideId "4136594"]
[WhiteElo "2359"]
[BlackElo "2575"]
[Result "0-1"]
[Round "04"]
[TimeControl "180+1"]
[Date "2022.04.19"]
[WhiteClock "0:00:02"]
[BlackClock "0:01:12"]

1. g3 d5 2. Nf3 Nd7 3. d4 Nb6 4. Bg2 Bf5 5. a4 a5 6. O-O e6 7. Nc3 h6 8. Ne5 Nf6 9. Re1 Bb4 10. Bd2 O-O 11. Nb5 Be7 12. Nc3 Bb4 13. Nb5 c6 14. Nc3 Nbd7 15. Nxd7 Qxd7 16. Nb1 Be7 17. Nc3 Bh7 18. Bf4 Bb4 19. Bd2 Rfe8 20. Qc1 e5 21. dxe5 Rxe5 22. Nd1 Rae8 23. Bxb4 axb4 24. Qd2 Qe7 25. c3 Rxe2 26. Rxe2 Qxe2 27. Qxe2 Rxe2 28. Bf1 Re1 0-1


[Site "https://www.chess.com"]

[Event "Titled Tuesday Blitz April 19 Late 2022"]
[White "Herrera Reyes, Jose Antonio"]
[Black "D`Arruda, Ricardo D."]
[WhiteFideId "2274914"]
[BlackFideId "100692"]
[WhiteElo "2361"]
[BlackElo "2429"]
[Result "1-0"]
[Round "04"]
[TimeControl "180+1"]
[Date "2022.04.19"]
[WhiteClock "0:02:23"]
[BlackClock "0:01:32"]

1. Nf3 d5 2. g3 c6 3. Bg2 Nf6 4. d3 g6 5. h4 h6 6. Nc3 Bg7 7. Bf4 O-O 8. Qd2 Kh7 9. h5 g5 10. Bxg5 hxg5 11. Nxg5+ Kg8 12. h6 Bxh6 13. Rxh6 Bf5 14. O-O-O Kg7 15. Rdh1 Ng4 16. Nh7 f6 17. Nxf8 Qxf8 18. R6h4 1-0


[Site "https://www.chess.com"]

[Event "Titled Tuesday Blitz April 19 Late 2022"]
[White "Hoffmann, Asa"]
[Black "Mortazavi, Ali"]
[WhiteFideId "2001470"]
[BlackFideId "401323"]
[WhiteElo "2117"]
[BlackElo "2339"]
[Result "1-0"]
[Round "04"]
[TimeControl "180+1"]
[Date "2022.04.19"]
[WhiteClock "0:00:44"]
[BlackClock "0:00:05"]

1. d4 Nf6 2. Bg5 Ne4 3. Bf4 d5 4. f3 Nf6 5. e4 e6 6. e5 Nfd7 7. Be3 b6 8. f4 g6 9. Nf3 c5 10. c3 Be7 11. h4 h5 12. Bd3 Ba6 13. Bc2 Nc6 14. a3 cxd4 15. cxd4 Na5 16. Nc3 Rc8 17. Kf2 Nc4 18. Bc1 Nxa3 19. Ba4 b5 20. Bb3 Qb6 21. Bxd5 exd5 22. Nxd5 Qc6 23. Nxe7 Kxe7 24. Rxa3 Bb7 25. Be3 Nb6 26. Rxa7 Rc7 27. Qb3 Rd8 28. Rc1 Nc4 29. Qb4+ Ke6 30. b3 Qb6 31. d5+ Rxd5 32. Bxb6 Rcd7 33. bxc4 bxc4 34. Qxc4 Kf5 35. Be3 1-0


[Site "https://www.chess.com"]

[Event "Titled Tuesday Blitz April 19 Late 2022"]
[White "Holt, Conrad"]
[Black "Pinheiro, Iung Alicio de O."]
[WhiteFideId "2034387"]
[BlackFideId "2104350"]
[WhiteElo "2586"]
[BlackElo "2594"]
[Result "1-0"]
[Round "04"]
[TimeControl "180+1"]
[Date "2022.04.19"]
[WhiteClock "0:00:21"]
[BlackClock "0:00:04"]

1. d4 Nf6 2. c4 g6 3. Nc3 d5 4. e3 Bg7 5. Qb3 dxc4 6. Bxc4 O-O 7. Nf3 c5 8. O-O Nc6 9. Ne5 e6 10. Nxc6 bxc6 11. dxc5 Qa5 12. e4 Nd7 13. Be3 Rb8 14. Qc2 Rxb2 15. Qxb2 Bxc3 16. Qc1 Ne5 17. Be2 Bxa1 18. Qxa1 f6 19. f4 Nd7 20. Bc4 Re8 21. f5 Ne5 22. fxg6 hxg6 23. Rxf6 Qa3 24. Bf4 Qxc5+ 25. Kh1 Qxc4 26. Bxe5 Rf8 27. Rxf8+ Kxf8 28. Qd1 Bd7 29. h3 Qxe4 30. Qd6+ Ke8 31. Bf6 Qe1+ 32. Kh2 1-0


[Site "https://www.chess.com"]

[Event "Titled Tuesday Blitz April 19 Late 2022"]
[White "Iskusnyh, Sergei"]
[Black "Ardila, Oscar Humberto"]
[WhiteFideId "4120027"]
[BlackFideId "4404742"]
[WhiteElo "2492"]
[BlackElo "1983"]
[Result "1-0"]
[Round "04"]
[TimeControl "180+1"]
[Date "2022.04.19"]
[WhiteClock "0:00:21"]
[BlackClock "0:00:35"]

1. d4 Nf6 2. c4 g6 3. g3 Bg7 4. Bg2 O-O 5. Nc3 d6 6. Nf3 Nbd7 7. O-O e5 8. e4 exd4 9. Nxd4 Re8 10. h3 Nc5 11. Re1 a5 12. Ndb5 Be6 13. e5 dxe5 14. Qxd8 Raxd8 15. Nxc7 Re7 16. Nxe6 Rxe6 17. Be3 b6 18. Red1 Red6 19. Nd5 Nxd5 20. Rxd5 f5 21. Rxd6 Rxd6 22. Bd5+ Kf8 23. Rb1 Ke7 24. b4 axb4 25. Rxb4 Kf6 26. Rb5 Bf8 27. Bxc5 bxc5 28. Rxc5 Ra6 29. Rc7 Be7 30. c5 Ra3 31. Bb3 Ra5 32. c6 Rc5 33. g4 fxg4 34. hxg4 h5 35. g5+ Kxg5 36. Rxe7 Rxc6 37. Rxe5+ Kf4 38. Re6 Rc1+ 39. Kg2 g5 40. Rf6+ Ke5 41. Rf8 Rc3 42. Bd1 h4 43. Bg4 Ra3 44. Rf5+ Ke4 45. Rxg5 Rxa2 46. Bf3+ Kf4 47. Rg4+ Kf5 48. Rxh4 Kg5 49. Rg4+ Kf5 50. Rb4 Ra3 51. Kg3 Rc3 52. Rb5+ Kg6 53. Kg4 Kf6 54. Be4 Rc4 55. f3 Rc1 56. Rb6+ Ke5 57. Rb5+ Kd4 58. Kf4 Rh1 59. Rd5+ Kc3 60. Rd7 Rh4+ 61. Ke3 Rh1 62. Rc7+ Kb4 63. Kd4 Rd1+ 64. Ke5 Rh1 65. f4 Re1 66. f5 Kb5 67. f6 Kb6 68. Rc6+ Kb5 69. f7 Rf1 70. Rf6 1-0


[Site "https://www.chess.com"]

[Event "Titled Tuesday Blitz April 19 Late 2022"]
[White "Ivanisevic, Ivan"]
[Black "Oparin, Grigoriy"]
[WhiteFideId "912417"]
[BlackFideId "24125890"]
[WhiteElo "2495"]
[BlackElo "2665"]
[Result "0-1"]
[Round "04"]
[TimeControl "180+1"]
[Date "2022.04.19"]
[WhiteClock "0:00:10"]
[BlackClock "0:01:09"]

1. d4 Nf6 2. c4 e6 3. Nc3 Bb4 4. e3 O-O 5. Bd3 c5 6. Ne2 cxd4 7. exd4 d5 8. cxd5 Nxd5 9. Bc2 Nc6 10. Qd3 g6 11. O-O Bd6 12. Bb3 Qh4 13. g3 Qh5 14. Ne4 Be7 15. Nf4 Nxf4 16. Bxf4 Rd8 17. Be3 Ne5 18. Qd1 Nf3+ 19. Kg2 e5 20. Bxf7+ Kg7 21. h4 Bg4 22. Qb3 Nxh4+ 23. gxh4 Bf3+ 24. Kg1 Bxe4 25. f3 Bf5 26. Rf2 exd4 27. Bf4 Qxh4 28. Be5+ Bf6 29. Bxf6+ Qxf6 30. Bc4 Rd7 31. Rd1 Rad8 32. Bf1 d3 33. Qc3 Qxc3 34. bxc3 d2 0-1


[Site "https://www.chess.com"]

[Event "Titled Tuesday Blitz April 19 Late 2022"]
[White "Janaszak, Dawid"]
[Black "Jaskolka, Tomasz"]
[WhiteFideId "1119206"]
[BlackFideId "1170791"]
[WhiteElo "2199"]
[BlackElo "2073"]
[Result "1/2-1/2"]
[Round "04"]
[TimeControl "180+1"]
[Date "2022.04.19"]
[WhiteClock "0:00:04"]
[BlackClock "0:00:15"]

1. e4 c5 2. Nc3 e6 3. Nge2 Nc6 4. g3 d5 5. exd5 exd5 6. d4 cxd4 7. Nxd4 Bc5 8. Nb3 Bb4 9. Bg2 Nge7 10. O-O Bxc3 11. bxc3 Be6 12. Nc5 O-O 13. Re1 Qc8 14. Nxe6 fxe6 15. Ba3 Rf7 16. Bh3 Nf5 17. Qe2 Rf6 18. c4 Ncd4 19. Qd3 Qxc4 20. Bxf5 Rxf5 21. Kg2 Nxc2 22. Qd2 Nxa1 23. Rxa1 Qe4+ 24. Kg1 Qf3 25. Bc5 b6 26. Be3 h5 27. h4 Raf8 28. Re1 Qg4 29. Kh2 Rf3 30. Qc3 Rxf2+ 31. Bxf2 Rxf2+ 32. Kg1 Rf3 33. Qc8+ Kh7 34. Qc2+ g6 35. Qc7+ Kh6 36. Qc1+ Kg7 37. Qc7+ Rf7 38. Qc3+ Kh6 39. Qh8+ Rh7 40. Qf8+ Rg7 41. Qh8+ Rh7 42. Qf8+ Rg7 43. Qh8+ Rh7 1/2-1/2


[Site "https://www.chess.com"]

[Event "Titled Tuesday Blitz April 19 Late 2022"]
[White "Janturin, Artur"]
[Black "Lewtak, Damian"]
[WhiteFideId "4130022"]
[BlackFideId "1141724"]
[WhiteElo "2383"]
[BlackElo "2362"]
[Result "0-1"]
[Round "04"]
[TimeControl "180+1"]
[Date "2022.04.19"]
[WhiteClock "0:00:06"]
[BlackClock "0:01:00"]

1. b3 a5 2. Bb2 a4 3. b4 Nf6 4. a3 g6 5. Bxf6 exf6 6. c4 Bg7 7. Nc3 f5 8. g3 O-O 9. Bg2 Nc6 10. Nf3 d6 11. d4 Bd7 12. O-O Ne7 13. Qc2 Re8 14. Rac1 Bc6 15. b5 Bxf3 16. Bxf3 c6 17. e3 Qa5 18. Rb1 c5 19. Bxb7 Rab8 20. Bg2 cxd4 21. exd4 Bxd4 22. Nd5 Nxd5 23. Bxd5 Bc5 24. Kg2 Re5 25. Qb2 h5 26. h4 Qb6 27. Qc2 Rbe8 28. Qxa4 Re2 29. Qa6 Bxf2 30. Qxb6 Bxb6+ 31. Kh3 R8e3 32. Rf3 Rxf3 33. Bxf3 Re3 34. Bd5 f4 35. a4 Rxg3+ 36. Kh2 Ra3 37. Re1 Be3 38. Rb1 Bb6 39. Re1 Kf8 40. Rf1 Be3 41. Rb1 Bb6 42. Rf1 Rxa4 43. Rxf4 f5 44. Rf3 Ra2+ 45. Kh3 Bd4 46. Rg3 Be5 47. Rg2 Ra3+ 0-1


[Site "https://www.chess.com"]

[Event "Titled Tuesday Blitz April 19 Late 2022"]
[White "Jarocka, Liwia"]
[Black "Sirosh, Ilja"]
[WhiteFideId "21807558"]
[BlackFideId "4500458"]
[WhiteElo "1896"]
[BlackElo "2241"]
[Result "0-1"]
[Round "04"]
[TimeControl "180+1"]
[Date "2022.04.19"]
[WhiteClock "0:00:12"]
[BlackClock "0:00:28"]

1. Nf3 Nf6 2. b3 g6 3. Bb2 Bg7 4. g3 d5 5. Bg2 c5 6. O-O Nc6 7. e3 O-O 8. d4 cxd4 9. exd4 Bg4 10. Nbd2 Ne4 11. h3 Nxd2 12. Qxd2 Bxf3 13. Bxf3 e6 14. c4 dxc4 15. Bxc6 bxc6 16. bxc4 c5 17. Rfd1 cxd4 18. Bxd4 Bxd4 19. Qxd4 Qxd4 20. Rxd4 Rfc8 21. Rc1 Rc5 22. Kf1 Rb8 23. Rd2 Rb4 24. Rdc2 Ra4 25. h4 h5 26. Ke2 Ra3 27. Rb2 Kg7 28. Rcc2 Ra4 29. Rb7 Kf6 30. Kd3 e5 31. Rb5 Rc6 32. Rb8 Kf5 33. Rb7 f6 34. c5 e4+ 35. Ke2 Ra5 36. Rd7 Ke6 37. Rg7 Raxc5 38. Rxc5 Rxc5 39. Rxa7 g5 40. hxg5 fxg5 41. a4 Kf5 42. Kf1 e3 43. fxe3 Kg4 44. e4 Kxg3 45. a5 h4 46. a6 h3 47. Rh7 Ra5 48. a7 h2 49. e5 Rxa7 50. Rh5 h1=Q+ 51. Rxh1 Ra1+ 0-1


[Site "https://www.chess.com"]

[Event "Titled Tuesday Blitz April 19 Late 2022"]
[White "Jimenez Fernandez, Rebeca"]
[Black "Rosenberg, Evan S"]
[WhiteFideId "32070934"]
[BlackFideId "2019299"]
[WhiteElo "1853"]
[BlackElo "2348"]
[Result "0-1"]
[Round "04"]
[TimeControl "180+1"]
[Date "2022.04.19"]
[WhiteClock "0:00:03"]
[BlackClock "0:00:33"]

1. e4 e5 2. d4 exd4 3. Qxd4 Nc6 4. Qe3 Nf6 5. Nc3 Bb4 6. Bd2 O-O 7. O-O-O Re8 8. Bc4 Ne5 9. Bb3 c6 10. f4 Neg4 11. Qg3 d6 12. e5 Bxc3 13. Bxc3 Ne4 14. Qf3 Ngf2 15. Nh3 Bg4 16. Qe3 Nxc3 17. Nxf2 Nxd1 18. Nxd1 Bxd1 19. Rxd1 d5 20. Qd4 Qb6 21. Qd3 a5 22. c3 a4 23. Bc2 g6 24. f5 a3 25. fxg6 axb2+ 26. Kd2 Qf2+ 27. Qe2 Qxe2+ 28. Kxe2 Rxe5+ 29. Kf3 hxg6 30. Bb3 c5 31. c4 d4 32. Rb1 Re3+ 33. Kf2 Rc3 34. Rxb2 Re8 35. g3 Ree3 36. Rd2 Rf3+ 37. Kg2 Rcd3 38. Re2 Rfe3 39. Rf2 f5 40. Bc2 Rc3 41. Bb3 Kg7 42. Kh3 Kf6 43. Kh4 g5+ 44. Kh5 Re8 0-1


[Site "https://www.chess.com"]

[Event "Titled Tuesday Blitz April 19 Late 2022"]
[White "Jobava, Baadur"]
[Black "Chigaev, Maksim"]
[WhiteFideId "13601520"]
[BlackFideId "4108116"]
[WhiteElo "2617"]
[BlackElo "2478"]
[Result "1/2-1/2"]
[Round "04"]
[TimeControl "180+1"]
[Date "2022.04.19"]
[WhiteClock "0:00:23"]
[BlackClock "0:00:18"]

1. c4 e5 2. d3 Nc6 3. Nf3 g6 4. Nc3 Bg7 5. g3 Nf6 6. Bg2 O-O 7. O-O d6 8. Rb1 Re8 9. Bg5 h6 10. Bxf6 Bxf6 11. b4 Bg7 12. Nd2 e4 13. b5 Ne7 14. Qc2 e3 15. fxe3 Nf5 16. Rxf5 Bxf5 17. Bxb7 Rxe3 18. Nf1 Re8 19. Bxa8 Qxa8 20. Nd5 Qd8 21. e4 Bd4+ 22. Kg2 Be6 23. Nd2 Qd7 24. Nf3 Bh3+ 25. Kh1 Bg7 26. Ng1 Be6 27. Nf4 c6 28. Nxe6 Rxe6 29. bxc6 Qxc6 30. Ne2 g5 31. Rf1 Re8 32. Qb3 Qb6 33. Qxb6 axb6 34. Kg2 Ra8 35. Nc1 Bb2 36. Nb3 Kg7 37. Rf2 Bc3 38. g4 Be5 39. h3 Kg6 40. d4 Bf4 41. Rc2 h5 42. gxh5+ Kxh5 43. c5 dxc5 44. dxc5 bxc5 45. Nxc5 Ra3 46. Nb3 g4 47. Rf2 Bg5 1/2-1/2


[Site "https://www.chess.com"]

[Event "Titled Tuesday Blitz April 19 Late 2022"]
[White "Joubert, Dantelle"]
[Black "Derraugh, Geordie"]
[WhiteFideId "14310813"]
[BlackFideId "2603950"]
[WhiteElo "1507"]
[BlackElo "2116"]
[Result "0-1"]
[Round "04"]
[TimeControl "180+1"]
[Date "2022.04.19"]
[WhiteClock "0:00:22"]
[BlackClock "0:01:31"]

1. Nf3 c5 2. c4 Nc6 3. g3 e5 4. Nc3 g6 5. Bg2 Bg7 6. O-O Nge7 7. a3 O-O 8. Rb1 f5 9. d3 a5 10. Bg5 h6 11. Bxe7 Nxe7 12. Qc2 d6 13. b4 e4 14. Nd2 axb4 15. axb4 exd3 16. exd3 Ra3 17. Nd5 Nxd5 18. Bxd5+ Kh7 19. bxc5 dxc5 20. Bxb7 Rxd3 21. Rfd1 Bxb7 22. Rxb7 Qd4 23. Kg2 Rd8 24. Nf3 Qe4 25. Rxd3 Rxd3 26. Qb2 Qxf3+ 27. Kh3 Qg4+ 28. Kg2 Qe4+ 29. Kh3 Qd4 0-1


[Site "https://www.chess.com"]

[Event "Titled Tuesday Blitz April 19 Late 2022"]
[White "Kaasen, Tor Fredrik"]
[Black "Paravyan, David"]
[WhiteFideId "1516647"]
[BlackFideId "4194985"]
[WhiteElo "2335"]
[BlackElo "2569"]
[Result "1/2-1/2"]
[Round "04"]
[TimeControl "180+1"]
[Date "2022.04.19"]
[WhiteClock "0:00:34"]
[BlackClock "0:00:05"]

1. d4 Nf6 2. c4 g6 3. g3 c6 4. Bg2 d5 5. Nf3 Bg7 6. O-O O-O 7. Qb3 Qb6 8. Nc3 Rd8 9. Bd2 Bf5 10. Qxb6 axb6 11. cxd5 cxd5 12. Rfc1 Nc6 13. e3 Ne4 14. Nxe4 Bxe4 15. Ne1 Bxg2 16. Kxg2 Ra4 17. Nd3 e5 18. dxe5 Nxe5 19. Nxe5 Bxe5 20. Bc3 Bxc3 21. Rxc3 Rda8 22. Rb3 Rxa2 23. Rxa2 Rxa2 24. Rxb6 Ra4 25. b4 Ra2 26. Rxb7 d4 27. exd4 Rd2 28. b5 Rxd4 29. b6 Rb4 30. Kf3 Kg7 31. Ke3 Kf6 32. Kd3 Ke6 33. Kc3 Rb1 34. Rb8 h5 35. Kc4 Kd6 36. b7 Ke7 37. h3 Kf6 38. Kd5 Kg7 39. Ke4 Rb2 40. Ke3 Rb1 41. g4 hxg4 42. hxg4 Rb2 43. f4 Rb1 44. Kd4 Rb2 45. Kc5 Rb1 46. Kd6 Rb2 47. Kc6 Rc2+ 48. Kd5 Rb2 49. g5 Rb1 50. Ke5 Rb2 51. f5 gxf5 52. Kxf5 Rb1 53. Ke5 Rb2 54. Kf4 1/2-1/2


[Site "https://www.chess.com"]

[Event "Titled Tuesday Blitz April 19 Late 2022"]
[White "Kaganskiy, Gleb"]
[Black "Zivkovic, Nemanja"]
[WhiteFideId "4132025"]
[BlackFideId "942154"]
[WhiteElo "2165"]
[BlackElo "2364"]
[Result "0-1"]
[Round "04"]
[TimeControl "180+1"]
[Date "2022.04.19"]
[WhiteClock "0:00:20"]
[BlackClock "0:00:53"]

1. e4 c5 2. Nf3 d6 3. Bb5+ Nd7 4. O-O a6 5. Bxd7+ Bxd7 6. d4 cxd4 7. Qxd4 Rc8 8. c4 Nf6 9. Nc3 e6 10. Bg5 Be7 11. Rad1 Bc6 12. e5 dxe5 13. Nxe5 Qxd4 14. Rxd4 h6 15. Nxc6 Rxc6 16. Be3 Bc5 17. Rh4 Bxe3 18. fxe3 O-O 19. b3 b5 20. Ne4 Nd7 21. cxb5 axb5 22. Rh5 Rb8 23. Rd1 Rc7 24. Nd6 Nf6 25. Rh4 b4 26. Rc4 Ra7 27. Rdd4 Rxa2 28. Rxb4 Rd8 29. Rb7 Nd5 30. Nxf7 Rf8 31. Nxh6+ gxh6 32. Rg4+ Kh8 33. h4 Nxe3 34. Rgg7 Nf5 35. Rh7+ Kg8 36. g4 Rd8 37. Rhd7 Rxd7 38. Rxd7 Nxh4 39. Re7 Nf3+ 40. Kf1 e5 41. b4 Rb2 42. Rb7 e4 43. b5 e3 44. Re7 Rf2# 0-1


[Site "https://www.chess.com"]

[Event "Titled Tuesday Blitz April 19 Late 2022"]
[White "Kalogridis, Antonios"]
[Black "Goryachkina, Aleksandra"]
[WhiteFideId "25833901"]
[BlackFideId "4147103"]
[WhiteElo "1596"]
[BlackElo "2426"]
[Result "1/2-1/2"]
[Round "04"]
[TimeControl "180+1"]
[Date "2022.04.19"]
[WhiteClock "0:02:21"]
[BlackClock "0:00:47"]

1. d4 d5 2. c4 dxc4 3. Nf3 Nf6 4. e3 e6 5. Bxc4 c5 6. O-O Nc6 7. dxc5 Qxd1 8. Rxd1 Bxc5 9. a3 a6 10. b4 Be7 11. Bb2 b5 12. Be2 Bb7 13. Nbd2 O-O 14. Nb3 Rfd8 15. Nfd4 Nxd4 16. Bxd4 Bd5 17. Nc5 Ne4 18. Nxe4 Bxe4 19. f3 Bc2 20. Rdc1 Ba4 21. Bd1 Bxd1 22. Rxd1 Kf8 23. Rac1 Rac8 24. Kf2 f6 25. e4 e5 26. Be3 Rxc1 27. Rxc1 Rd3 28. Rc8+ Kf7 29. Rc7 Kf8 30. Rc8+ Kf7 31. Rc7 Kf8 32. Rc8+ 1/2-1/2


[Site "https://www.chess.com"]

[Event "Titled Tuesday Blitz April 19 Late 2022"]
[White "Kamsky, Gata"]
[Black "Spata, German"]
[WhiteFideId "2000024"]
[BlackFideId "113026"]
[WhiteElo "2645"]
[BlackElo "2238"]
[Result "1-0"]
[Round "04"]
[TimeControl "180+1"]
[Date "2022.04.19"]
[WhiteClock "0:01:05"]
[BlackClock "0:00:53"]

1. e4 d6 2. d4 g6 3. Nc3 Bg7 4. Nf3 c6 5. a4 a5 6. Bc4 Nf6 7. O-O O-O 8. e5 Ne8 9. h3 Nc7 10. Bg5 Be6 11. Qe2 Bxc4 12. Qxc4 Ne6 13. Bh4 d5 14. Qb3 Qd7 15. Ne2 Na6 16. c3 Rab8 17. Qc2 Rfc8 18. Rfd1 c5 19. Qd2 cxd4 20. cxd4 Nb4 21. Nc3 Nc7 22. Nh2 Ne6 23. Ng4 Rc4 24. Nb5 Nc7 25. Nxc7 Qxc7 26. Nh6+ Bxh6 27. Qxh6 Nc2 28. Bf6 1-0


[Site "https://www.chess.com"]